 Dungeon Crawl Stone Soup version 0.30-a0-1035-g38d5fb2972 (webtiles) character file.

Game seed: 14025770132169042291

312 MacCMillion the Shooter (level 5, -1/41 HPs)
             Began as a Demigod Hunter on Apr 8, 2023.
             Slain by a bullfrog (3 damage)
             ... in a sewer.
             The game lasted 00:05:23 (3425 turns).

MacCMillion the Shooter (Demigod Hunter)            Turns: 3425, Time: 00:05:24

Health: -1/41      AC:  5    Str: 12    XL:     5   Next: 97%
Magic:  7/7        EV: 12    Int: 11    God:
Gold:   83         SH:  5    Dex: 21    Spells: 4/4 levels left

rFire   . . .      SeeInvis .    a - +0 shortbow
rCold   + . .      Faith    .    (shield currently unavailable)
rNeg    . . .      Spirit   .    c - +0 leather armour
rPois   .          Reflect  +    o - +1 helmet
rElec   .          Rampage  .    (no cloak)
rCorr   .                        (no gloves)
Will    .....                    (no boots)
Stlth   ++                       h - amulet of reflection
HPRegen 0.26/turn                e - ring of protection from cold
MPRegen 0.10/turn                (no ring)

@: no status effects
A: high MP 1, forlorn, divine attributes
a: no special abilities


You were in a sewer.
You visited 1 branch of the dungeon, and saw 3 of its levels.
You also visited: Sewer.

You collected 83 gold pieces.

Inventory:

Hand Weapons
 a - a +0 shortbow (weapon)
Armour
 c - a +0 leather armour (worn)
 o - a +1 helmet (worn)
Jewellery
 e - a ring of protection from cold (left hand)
 h - an amulet of reflection (around neck)
Scrolls
 b - a scroll of immolation
 g - a scroll of vulnerability {unknown}
 k - 2 scrolls of fear
 l - a scroll of enchant armour {unknown}
 m - a scroll of brand weapon {unknown}
 p - a scroll of amnesia {unknown}
 r - a scroll of identify {unknown}
 s - a scroll of enchant weapon {unknown}
 t - a scroll of magic mapping {unknown}
Potions
 d - 4 potions of curing {unknown}
 f - 3 potions of brilliance {unknown}
 i - a potion of attraction {unknown}
 j - 2 potions of heal wounds {unknown}
 n - a potion of lignification {unknown}
 q - 2 potions of mutation {unknown}


   Skills:
 - Level 1.7 Fighting
 + Level 6.6 Ranged Weapons
 - Level 1.7 Dodging
 - Level 2.0 Stealth


You had 4 spell levels left.
You didn't know any spells.
Your spell library contained the following spells:

 Spells                   Type           Power      Damage    Failure   Level
 Freeze                   Ice            0%         1d3       41%         1
 Magic Dart               Conj           0%         1d3       41%         1
 Call Imp                 Summ           0%         N/A       56%         2
 Frozen Ramparts          Ice            0%         1d1       80%         3
 Hailstorm                Conj/Ice       0%         3d3       80%         3
 Mephitic Cloud           Conj/Pois/Air  0%         N/A       80%         3


Dungeon Overview and Level Annotations

Branches:
Dungeon (3/15)              Sewer (1/1)


Innate Abilities, Weirdness & Mutations

You have an increased reservoir of magic. (+10% MP)
You shall have no god before yourself.
Your divine heritage dramatically boosts your attributes as you level up.


Message History

Aim: a bullfrog (severely wounded, 59% to hit)
You shoot an arrow. The arrow closely misses the bullfrog.
The bullfrog hits you.
* * * LOW HITPOINT WARNING * * *
The bullfrog misses you.
Fire: a) +0 shortbow
Press: ? - help, Q - select action Shift-Dir - straight line, f/p - bullfrog
Aim: a bullfrog (severely wounded, 59% to hit)
You shoot an arrow.
The arrow hits the bullfrog but does no damage.
The bullfrog is severely wounded.
The bullfrog hits you.
* * * LOW HITPOINT WARNING * * *
The bullfrog hits you.
* * * LOW HITPOINT WARNING * * *
Unknown command.
Fire: a) +0 shortbow
Press: ? - help, Q - select action Shift-Dir - straight line, f/p - bullfrog
Aim: a bullfrog (severely wounded, 59% to hit)
You shoot an arrow. The adder hisses angrily.
The arrow hits the bullfrog.
The bullfrog is severely wounded.
You hear an angry hiss.
The bullfrog barely misses you. You block the bullfrog's attack.
Fire: a) +0 shortbow
Press: ? - help, Q - select action Shift-Dir - straight line, f/p - bullfrog
Aim: a bullfrog (severely wounded, 59% to hit)
You shoot an arrow. The arrow hits the bullfrog.
The bullfrog is severely wounded.
The bullfrog barely misses you.
The bullfrog hits you but does no damage.
You block the adder's attack.
Fire: a) +0 shortbow
Press: ? - help, Q - select action Shift-Dir - straight line, f/p - bullfrog
Aim: a bullfrog (severely wounded, 59% to hit)
You shoot an arrow. The arrow closely misses the bullfrog.
The arrow barely misses the ball python.
You block the bullfrog's attack. The bullfrog hits you.
You die...

##################
###.#~~≈≈≈~~≈†≈≈≈≈≈~
##...~~≈~≈≈≈~..~≈≈≈≈≈
#....F≈~~~~~≈~≈#~~J≈~
#...@FS~~~≈≈≈≈≈~~~~S#
##...S~≈~≈≈≈≈≈≈≈≈≈~≈≈≈
#......~≈≈≈≈≈≈≈≈≈≈≈S≈≈
#....#################
##.††#### #....#..#
#....'..# #...#####
##...##


You could see 2 bullfrogs, an adder and a ball python.

Vanquished Creatures
  3 gnolls (D:2)
  13 adders
  8 river rats (Sewer)
  4 worms
  2 dart slugs (D:2)
  11 ball pythons
  4 bats
  3 endoplasms
  2 giant cockroaches
  3 goblins
  5 hobgoblins
  2 quokkas
  4 frilled lizards
  3 kobolds
  33 rats
100 creatures vanquished.

Notes
Turn   | Place    | Note
-------+----------+-------------------------------------------
     0 | D:1      | MacCMillion the Demigod Hunter began the quest for the Orb.
     0 | D:1      | Reached XP level 1. HP: 17/17 MP: 3/3
    20 | D:1      | Reached skill level 1 in Stealth
   452 | D:1      | Reached XP level 2. HP: 24/24 MP: 4/4
   856 | D:2      | Reached skill level 4 in Ranged Weapons
   968 | D:2      | Reached XP level 3. HP: 24/29 MP: 5/5
  1235 | D:2      | Reached XP level 4. HP: 36/36 MP: 6/6
  1247 | D:2      | Reached skill level 5 in Ranged Weapons
  1694 | D:3      | Found a glowing drain.
  1703 | Sewer    | Entered a sewer
  2048 | Sewer    | Reached XP level 5. HP: 31/41 MP: 7/7
  2727 | Sewer    | Reached skill level 6 in Ranged Weapons
  3422 | Sewer    | HP: 2/41 [bullfrog (4)]
  3425 | Sewer    | Slain by a bullfrog

Illustrated notes

Levels and vault maps discovered:
D:1:      eino_arrival_water_cross, layout_basic
D:2:      layout_basic, basic_altar, chequers_serial_rivers_marsh
D:3:      layout_basic, nicolae_ashenzari_skybound,
          gammafunk_ghost_abyssal_escape, portal_sewer_entry_b,
          chequers_ecumenical_altar_twisty
Sewer:    sewer_minmay_w

Skill      XL: |  1  2  3  4  5 |
---------------+----------------+-----
Stealth        | 1 2 |  2.0
Ranged Weapons | 4 5 6 |  6.6
Fighting       | |  1.7
Dodging        | |  1.7

Action                     |  1- 3 |  4- 6 || total
---------------------------+-------+-------++-------
   Fire: Shortbow          |   104 |   211 ||   315
    Use: Scroll            |       |     1 ||     1
 Armour: Leather armour    |    13 |    44 ||    57
  Dodge: Dodged            |    17 |    89 ||   106
  Block: Other             |     6 |    37 ||    43

Table legend: (Time is in decaauts)
 A = Elapsed time spent in this place.
 B = Non-inter-level travel time spent in this place.
 C = Inter-level travel time spent in this place.
 D = Time resting spent in this place.
 E = Time spent auto-exploring this place.
 F = Levels seen in this place.
 G = Mean time per level.
                   A        B        C        D        E       F      G
               +--------+--------+--------+--------+--------+-----+--------+
         Total |   3571 |   3542 |     29 |   1556 |   1208 |   4 |  892.8 |
       Dungeon |   1756 |   1727 |     29 |    185 |   1151 |   3 |  585.3 |
         Sewer |   1815 |   1815 |      0 |   1371 |     57 |   1 | 1815.0 |
               +--------+--------+--------+--------+--------+-----+--------+

Top non-repeatable levels by time:
   Sewer: 1815 daAuts
     D:1: 820 daAuts
     D:2: 710 daAuts
     D:3: 225 daAuts
